 Dungeon Crawl Stone Soup version 0.22-a0-422-g9628fc8 (webtiles) character file.

70 Firebatgyro the Chucker (level 4, 0/44 HPs)
             Began as an Ogre Hunter on May 17, 2018.
             Slain by an orc
             ... wielding a cursed -2 hand axe
              (4 damage)
             ... on level 2 of the Dungeon.
             The game lasted 00:02:25 (1664 turns).

Firebatgyro the Chucker (Ogre Hunter)               Turns: 1664, Time: 00:02:26

Health: 0/44       AC:  3    Str: 17    XL:     4   Next: 21%
Magic:  4/4        EV: 10    Int: 12    God:
Gold:   33         SH:  0    Dex:  9    Spells: 3/3 levels left

rFire    . . .     SeeInvis .   e - +0 club
rCold    . . .     Gourm    .   (no shield)
rNeg     . . .     Faith    .   b - +0 robe
rPois    .         Spirit   .   (helmet restricted)
rElec    .         Reflect  .   (no cloak)
rCorr    .         Harm     .   (gloves unavailable)
MR       .....                  (boots unavailable)
Stlth    +.........             (no amulet)
HPRegen  0.14/turn              (no ring)
MPRegen  0.09/turn              (no ring)

@: no status effects
A: large, unfitting armour, tough skin 1
a: no special abilities


You were on level 2 of the Dungeon.
You were hungry.

You visited 1 branch of the dungeon, and saw 2 of its levels.

You collected 33 gold pieces.

Inventory:

Hand Weapons
 a - a +0 short sword
 e - a +0 club (weapon)
Missiles
 c - a large rock (quivered)
 d - a throwing net
 k - 2 javelins
Armour
 b - a +0 robe (worn)
Wands
 q - a wand of iceblast (4)
Scrolls
 h - 2 scrolls of enchant weapon {unknown}
 i - 2 scrolls of identify {unknown}
 j - 4 scrolls of teleportation {unknown}
 o - a scroll of remove curse {unknown}
 p - a scroll of noise {unknown}
Potions
 g - 2 potions of lignification {unknown}
 l - 3 potions of flight {unknown}
 m - a potion of resistance {unknown}
Comestibles
 f - 3 rations


   Skills:
 - Level 2.7 Fighting
 + Level 1.0 Short Blades
 * Level 2.8 Maces & Flails
 - Level 4.2 Throwing
 - Level 1.7 Dodging
 - Level 0.6 Stealth


You had 3 spell levels left.
You didn't know any spells.
Your spell library was empty.

Dungeon Overview and Level Annotations

Branches:
Dungeon (2/15)

Altars:
Ashenzari


Innate Abilities, Weirdness & Mutations

You are too large for most types of armour.
You have tough skin. (AC +1)


Message History

Aim: an orc, wielding a hand axe and wearing a ring mail (severely wounded)
You throw a large rock. The large rock closely misses the orc.
The large rock barely misses the orc priest.
The orc closely misses you. The orc hits you with a hand axe.
* * * LOW HITPOINT WARNING * * *
Throwing (i - inventory. (/) - cycle)
c - 3 large rocks (quivered)
Press: ? - help, Shift-Dir - straight line, f/p - orc
Aim: an orc, wielding a hand axe and wearing a ring mail (severely wounded)
You throw a large rock. The large rock barely misses the orc.
The large rock barely misses the orc priest.
The orc hits you with a hand axe.
* * * LOW HITPOINT WARNING * * *
Throwing (i - inventory. (/) - cycle)
c - 2 large rocks (quivered)
Press: ? - help, Shift-Dir - straight line, f/p - orc
Aim: an orc, wielding a hand axe and wearing a ring mail (severely wounded)
You throw a large rock. The large rock closely misses the orc.
The large rock hits the orc priest.
The orc priest is heavily wounded.
The orc hits you with a hand axe.
You die...

##### ##...## #...####
##.....###### #.>....#
#............ ####...##.#
#.........# #
#.........###.......#.# #
#..................##.###
#.........#####.....#...(
####...##.# ##...######
#(.oo@.# ##.#######
#...#### #........ ##.##
#.####### #.# #+# #.# #o#
#.....# #.###..# ### ...
.o.. +..


You could see an orc priest and an orc.

Vanquished Creatures
  3 adders (D:2)
  3 dart slugs (D:1)
  A leopard gecko (D:1)
  An orc (D:2)
  5 bats
  2 giant cockroaches (D:1)
  4 goblins
  5 hobgoblins (D:1)
  A quokka (D:2)
  2 frilled lizards (D:1)
  2 kobolds (D:1)
  6 rats (D:1)
35 creatures vanquished.

Notes
Turn   | Place    | Note
-------+----------+-------------------------------------------
     0 | D:1      | Firebatgyro the Ogre Hunter began the quest for the Orb.
     0 | D:1      | Reached XP level 1. HP: 22/22 MP: 1/1
    74 | D:1      | Reached XP level 2. HP: 16/29 MP: 2/2
   221 | D:1      | Found a shattered altar of Ashenzari.
   237 | D:1      | Reached skill level 1 in Maces & Flails
   762 | D:1      | Reached XP level 3. HP: 36/36 MP: 3/3
  1402 | D:2      | Reached skill level 1 in Short Blades
  1402 | D:2      | Reached XP level 4. HP: 33/44 MP: 4/4
  1664 | D:2      | Slain by an orc

Vault maps used:
D:1:      dpeg_arrival_renting, minmay_crystal_room, evilmike_ruin_ashenzari
D:2:      old_standard_altar

Skill      XL: |  1  2  3 |
---------------+----------+-----
Maces & Flails | 1 2 |  2.8
Short Blades   | 1 |  1.0
Fighting       | |  2.7
Throwing       | |  4.2
Dodging        | |  1.7
Stealth        | |  0.6

Action                   |  1- 3 |  4- 6 || total
-------------------------+-------+-------++-------
Melee: Club              |   106 |    31 ||   137
       Short sword       |     7 |       ||     7
Throw: Large rock        |    13 |     3 ||    16
       Throwing net      |     1 |       ||     1
 Stab: Sleeping          |     2 |       ||     2
  Eat: Chunk             |     2 |       ||     2
Armor: Robe              |    45 |    10 ||    55
Dodge: Dodged            |    79 |    12 ||    91

Table legend:
 A = Spawn XP
 B = Non-spawn XP
 C = Spawn XP percentage of total XP
 D = Spawn monster count
 E = Non-spawn monster count
 F = Spawn count percentage of total count
 G = Total turns spent on level
                    A         B        C        D         E        F      G
               +---------+---------+-------+---------+---------+-------+---------
         Total |       0 |     100 |   0.0 |       0 |      35 |   0.0 |  1664
               +---------+---------+-------+---------+---------+-------+---------
           D:1 |       0 |      51 |   0.0 |       0 |      27 |   0.0 |  1207
           D:2 |       0 |      49 |   0.0 |       0 |       8 |   0.0 |   457
               +---------+---------+-------+---------+---------+-------+---------
